 Dungeon Crawl Stone Soup version 0.19-a0-1704-gbd66c22 (webtiles) character file.

576 rgaf the Skirmisher (level 7, -16/55 HPs)
             Began as a Mummy Fighter on Sept 27, 2016.
             Demolished by an ogre
             ... wielding a +0 giant club
              (18 damage)
             ... on level 5 of the Dungeon.
             The game lasted 00:03:37 (4551 turns).

rgaf the Skirmisher (Mummy Fighter)                 Turns: 4551, Time: 00:03:37

Health: -16/55     AC:  8    Str: 19    XL:     7   Next: 12%
Magic:  7/7        EV:  7    Int:  7    God:
Gold:   276        SH:  9    Dex: 14    Spells: 0 memorised, 6 levels left

rFire  x . .     SeeInvis .     a - +0 flail
rCold  + . .     Gourm    .     b - +1 scale mail
rNeg   + + +     Faith    .     c - +0 shield
rPois  ∞         Spirit   .     (no helmet)
rElec  .         Dismiss  .     (no cloak)
rCorr  .         Reflect  .     (no gloves)
MR     .....     Harm     .     (no boots)
Stlth  ..........               (no amulet)
                                (no ring)
                                (no ring)

@: slowed, very slow
A: no food or potions, fire vulnerability, cold resistance 1, negative energy
resistance 3, torment resistance, unbreathing
a: no special abilities


You were on level 5 of the Dungeon.
You were not hungry.

You visited 1 branch of the dungeon, and saw 5 of its levels.

You collected 276 gold pieces.

Inventory:

Hand Weapons
 a - a +0 flail (weapon)
 n - a +0 blowgun
Missiles
 o - 17 poisoned needles
Armour
 b - a +1 scale mail (worn)
 c - a +0 shield (worn)
Scrolls
 d - a scroll of immolation {unknown}
 e - a scroll of enchant armour
 f - 2 scrolls of recharging {unknown}
 g - 5 scrolls of remove curse {unknown}
 h - a scroll of teleportation {unknown}
 i - a scroll of fog {unknown}
 j - 2 scrolls of fear {unknown}
 k - 3 scrolls of identify {unknown}
 l - 3 scrolls of blinking {unknown}
 m - 2 scrolls of noise {unknown}
 p - 3 scrolls of amnesia {unknown}
 q - 2 scrolls of enchant weapon {unknown}


   Skills:
 + Level 4.8 Fighting
 * Level 4.7 Maces & Flails
 - Level 2.4 Armour
 + Level 3.9 Shields


You had 6 spell levels left.
You didn't know any spells.

Dungeon Overview and Level Annotations

Branches:
Dungeon (5/15)
 Temple: D:4-7

Altars:
Cheibriados
Fedhas
Sif Muna


Innate Abilities, Weirdness & Mutations

You do not eat or drink.
Your flesh is vulnerable to fire.
You are immune to poison.
Your flesh is cold resistant. (rC+)
You are immune to negative energy. (rN+++)
You are immune to unholy pain and torment.
You can survive without breathing.


Message History

The magic dart hits you!
The orc wizard mumbles some strange words.
The orc wizard blinks!
The orc wizard hits you with a dagger of venom.
You sock the orc wizard!
You kill the orc wizard!
The ogre hits you with a giant club!!
Ouch! That really hurt!
* * * LOW HITPOINT WARNING * * *
You thump the ogre!
The ogre is moderately wounded.
The ogre hits you with a giant club.
* * * LOW HITPOINT WARNING * * *
You can't drink.
Unknown command.
As you read the scroll labeled JESCHA UNLA, it crumbles to dust.
It is a scroll of enchant armour.
Your +0 scale mail glows green for a moment.
The ogre hits you with a giant club!!
You die...

.. .... # .... #.# ### #.# #..# #
###.###<## ..# #.O# ?. ...>.....#
..####..####.# ###.###.##
............o #.###.#######
.#####.$..# #.##.........
.....!....###########.##....[.###
#######....)...O@)........###.# #
#...##############..# #.# # #####
#..# #.# # ###..###.###
#.........## #.#..####.## #.#..#
#.## #.#..# #.## #.#..# #...


You could see an ogre.

Vanquished Creatures
  An ogre (D:4)
  A big kobold (D:4)
  Blork the orc (D:4)
  2 hounds (D:4)
  An orc priest (D:4)
  An orc wizard (D:5)
  A bullfrog skeleton (D:5)
  2 worker ants
  A hound skeleton (D:4)
  6 adders
  An ooze (D:3)
  An adder skeleton (D:5)
  A worm (D:2)
  2 dart slugs
  5 leopard geckos
  10 orcs
  6 giant cockroaches
  3 goblins
  5 hobgoblins
  6 jackals (D:3)
  6 kobolds
  7 bats
  4 frilled lizards
  A jackal skeleton (D:5)
  A leopard gecko skeleton (D:3)
  A quokka skeleton (D:5)
  7 rats
84 creatures vanquished.

Notes
Turn   | Place    | Note
-------+----------+-------------------------------------------
     0 | D:1      | rgaf the Mummy Fighter began the quest for the Orb.
     0 | D:1      | Reached XP level 1. HP: 18/18 MP: 1/1
    87 | D:1      | Reached XP level 2. HP: 24/24 MP: 2/2
  1046 | D:2      | Reached XP level 3. HP: 17/29 MP: 3/3
  1876 | D:3      | Reached XP level 4. HP: 34/35 MP: 4/4
  2600 | D:4      | Reached XP level 5. HP: 31/42 MP: 5/5
  2638 | D:4      | Found a deep blue altar of Sif Muna.
  3110 | D:4      | Reached XP level 6. HP: 36/48 MP: 6/6
  3265 | D:4      | Noticed Blork the orc
  3279 | D:4      | Killed Blork the orc
  3907 | D:5      | Entered Level 5 of the Dungeon
  3907 | D:5      | Found a blossoming altar of Fedhas.
  3930 | D:5      | Found a snail-covered altar of Cheibriados.
  4229 | D:4      | Reached XP level 7. HP: 30/55 MP: 7/7
  4550 | D:5      | HP: 2/55 [ogre/giant club (6)]
  4551 | D:5      | Demolished by an ogre

Vault maps used:
D:1:      onia_arrival_larder, serial_forest, infiniplex_forest_lined_2,
          infiniplex_forest_lined_3_way, infiniplex_forest_straight_5,
          infiniplex_forest_corner_2, infiniplex_forest_end_2,
          minmay_misc_feat_plants, item_on_display_a
D:2:      first_bread
D:4:      lemuel_doored_altar, supply_closet_lemuel, uniq_blork_the_orc
D:5:      cheibriados_altar_1, kennysheep_mini_moat, fedhas_altar_2,
          uniq_grinder

Skill      XL: |  1  2  3  4  5 |
---------------+----------------+-----
Maces & Flails | 2 3 4 |  4.7
Shields        | 3 |  3.9
Fighting       | 4 |  4.8
Armour         | |  2.4

Action                   |  1- 3 |  4- 6 |  7- 9 || total
-------------------------+-------+-------+-------++-------
Melee: Flail             |   135 |   192 |    30 ||   357
  Use: Scroll            |       |       |     1 ||     1
Armor: Scale mail        |    66 |    68 |     9 ||   143
Dodge: Dodged            |    49 |    57 |     5 ||   111
Block: Shield            |    63 |   103 |    12 ||   178
